[Event "Queens Festival Europe 2022"]
[Site "Tornelo"]
[Date "2022.06.19"]
[Round "8.8"]
[White "Andries, Leia"]
[Black "Rahimli, Ulkar"]
[Result "0-1"]
[ECO "B22"]
[WhiteElo "1438"]
[BlackElo "1268"]
[Annotator "NA RC"]
[PlyCount "136"]
[EventDate "2022.06.19"]
[EventType "swiss"]
[EventCountry "NET"]
[SourceTitle "playchess.com"]
[Source "ChessBase"]
[SourceQuality "1"]
[TimeControl "180+2"]

1. e4 c5 2. c3 d6 3. d4 cxd4 4. cxd4 Nc6 5. d5 Ne5 6. f4 Ng4 7. Bb5+ Bd7 8. Bxd7+ Qxd7 9. h3 N4f6 10. Nc3 e6 11. dxe6 Qxe6 12. Nf3 Be7 13. O-O Nh6 14. f5 Qc4 15. Bxh6 gxh6 16. Qd4 Qc6 17. Rac1 Qb6 18. Qxb6 axb6 19. Rfd1 Nh5 20. a3 Rg8 21. Rd2 Nf4 22. Nb5 Nxh3+ 23. Kh2 Ng5 24. Nc7+ Kd7 25. Nxa8 Nxf3+ 26. gxf3 Bg5 27. f4 Bxf4+ 28. Kh3 Bxd2 29. Rd1 Bf4 30. Nxb6+ Kc6 31. Nd5 Bg5 32. Kh2 Re8 33. Rg1 Rxe4 34. Nb4+ Kc5 35. Rc1+ Kb5 36. Rd1 Bf4+ 37. Kg2 Re5 38. Rd5+ Rxd5 39. Nxd5 Kc5 40. Nf6 Be5 41. Nxh7 Bxb2 42. a4 Kb4 43. Nf8 Kxa4 44. Nd7 b5 45. Nb6+ Ka5 46. Nd7 b4 47. Nb8 b3 48. Nc6+ Kb6 49. Nd8 Bf6 50. Nxf7 b2 51. Nxh6 b1=Q 52. Ng8 Qc2+ 53. Kf3 Qd3+ 54. Kg4 Qe4+ 55. Kh3 Qxf5+ 56. Kg2 d5 57. Nh6 Qg5+ 58. Kf2 Qxh6 59. Ke2 d4 60. Kd3 Qe3+ 61. Kc2 d3+ 62. Kb3 d2+ 63. Kc4 d1=R 64. Kb4 Qe4+ 65. Ka3 Qd3+ 66. Ka2 Qc2+ 67. Ka3 Qb2+ 68. Ka4 Ra1# 0-1

[Event "Queens Festival Europe 2022"]
[Site "Tornelo"]
[Date "2022.06.19"]
[Round "8.9"]
[White "Rahimli, Izzat"]
[Black "Grimaldi, Angela Flavia"]
[Result "0-1"]
[ECO "D05"]
[WhiteElo "1817"]
[BlackElo "1995"]
[Annotator "NA RC"]
[PlyCount "132"]
[EventDate "2022.06.19"]
[EventType "swiss"]
[EventCountry "NET"]
[SourceTitle "playchess.com"]
[Source "ChessBase"]
[SourceQuality "1"]
[TimeControl "180+2"]

1. d4 d5 2. Nf3 Nf6 3. e3 e6 4. Bd3 c5 5. b3 Bd6 6. Bb2 Nbd7 7. O-O b6 8. Nbd2 O-O 9. Ne5 Bb7 10. f4 Rc8 11. c3 a6 12. Rf3 Ne4 13. Nxd7 Qxd7 14. Rh3 f5 15. Nf3 b5 16. Ne5 Bxe5 17. dxe5 c4 18. bxc4 bxc4 19. Bxe4 fxe4 20. Ba3 Rf7 21. Bd6 Bc6 22. Rb1 Ba4 23. Qd2 Qd8 24. g4 Qa5 25. g5 g6 26. Rg3 Bc6 27. Rg2 Rb7 28. Rxb7 Bxb7 29. Qb2 Qb5 30. Rc2 Bc6 31. Qb4 Rd8 32. Rb2 Rd7 33. Qxb5 axb5 34. a3 Ra7 35. Kg2 Kf7 36. Kg3 Ra4 37. h4 Ra8 38. Rh2 Rh8 39. h5 gxh5 40. Rxh5 Be8 41. Rh6 Bd7 42. Kg4 Kg7 43. Be7 Re8 44. Bf6+ Kg8 45. Kh5 Ra8 46. Be7 Be8+ 47. Kg4 Bg6 48. Rh2 Bf5+ 49. Kh5 Bg6+ 50. Kh6 Kf7 51. Rb2 Kxe7 52. Rxb5 Ra7 53. a4 Rxa4 54. Rb7+ Kd8 55. Kg7 Kc8 56. Re7 Bf5 57. Kf6 Kd8 58. Rb7 Ra8 59. Rg7 Kc8 60. Rg8+ Kb7 61. Rg7+ Kb6 62. Re7 Kb5 63. Rxe6 Bxe6 64. Kxe6 Kc6 65. f5 Re8+ 66. Kf7 Rxe5 0-1

[Event "Queens Festival Europe 2022"]
[Site "Tornelo"]
[Date "2022.06.19"]
[Round "8.9"]
[White "Strnadova, Monika"]
[Black "McCormick, Polly"]
[Result "1-0"]
[ECO "C41"]
[WhiteElo "1518"]
[BlackElo "1222"]
[Annotator "NA RC"]
[PlyCount "63"]
[EventDate "2022.06.19"]
[EventType "swiss"]
[EventCountry "NET"]
[SourceTitle "playchess.com"]
[Source "ChessBase"]
[SourceQuality "1"]
[TimeControl "180+2"]

1. e4 d6 2. Nf3 Nf6 3. Nc3 e5 4. d4 Nbd7 5. dxe5 dxe5 6. Bc4 h6 7. Nd5 Be7 8. Nxe7 Qxe7 9. O-O g5 10. Re1 Nf8 11. b3 Ng6 12. Bb2 Bd7 13. a4 O-O-O 14. Ba3 Qe8 15. Bc5 Bg4 16. Bxa7 Rxd1 17. Raxd1 Bxf3 18. gxf3 h5 19. Bb5 c6 20. Bc4 Qe7 21. a5 Nh4 22. Re3 Rd8 23. Ra1 b5 24. axb6 Kb7 25. Ba6+ Ka8 26. Rd3 Rc8 27. Bxc8 Nxf3+ 28. Rxf3 Nxe4 29. b7+ Qxb7 30. Bxb7+ Kxb7 31. Rxf7+ Kc8 32. Be3 1-0

[Event "Queens Festival Europe 2022"]
[Site "Tornelo"]
[Date "2022.06.19"]
[Round "8.11"]
[White "Ismayilova, Salbinaz"]
[Black "Bruntse, Caroline Lindegaard"]
[Result "1-0"]
[ECO "B07"]
[WhiteElo "1090"]
[BlackElo "1503"]
[Annotator "NA RC"]
[PlyCount "121"]
[EventDate "2022.06.19"]
[EventType "swiss"]
[EventCountry "NET"]
[SourceTitle "playchess.com"]
[Source "ChessBase"]
[SourceQuality "1"]
[TimeControl "180+2"]

1. e4 c5 2. c3 d6 3. d4 cxd4 4. cxd4 Nc6 5. Nf3 g6 6. Nc3 Bg7 7. Be3 Nf6 8. Bd3 O-O 9. O-O b6 10. Bb5 Bb7 11. d5 Nb8 12. Nd2 Nbd7 13. f4 Nc5 14. Bxc5 bxc5 15. f5 a6 16. Ba4 Rb8 17. Bb3 Nd7 18. fxg6 hxg6 19. Qg4 Ne5 20. Qh3 Bc8 21. Qh4 Bf6 22. Qf4 Nd3 23. Qh6 Bg7 24. Qh4 Nxb2 25. Qg3 c4 26. Nxc4 Nxc4 27. Bxc4 Qa5 28. Rac1 Bd7 29. Rf3 Bb5 30. Bxb5 axb5 31. Nd1 Qb6+ 32. Kh1 f6 33. Qh4 Qb7 34. Rh3 Kf7 35. Ne3 Rh8 36. Qg3 Rxh3 37. Qxh3 Qb6 38. Ng4 b4 39. Nh6+ Bxh6 40. Qxh6 Rg8 41. Qh3 Rg7 42. Qe6+ Ke8 43. Rc8+ Qd8 44. Rxd8+ Kxd8 45. Qh3 Ke8 46. Qb3 g5 47. Qxb4 g4 48. a4 g3 49. hxg3 Rxg3 50. a5 Rg4 51. a6 f5 52. a7 Rxe4 53. Qb8+ Kf7 54. a8=Q Rh4+ 55. Kg1 Re4 56. Qf8+ Kg6 57. Qg8+ Kh6 58. Qh8+ Kg5 59. Qag8+ Kf4 60. Qh4+ Ke5 61. Qxe7+ 1-0

[Event "Queens Festival Europe 2022"]
[Site "Tornelo"]
[Date "2022.06.19"]
[Round "8.12"]
[White "Rashidova, Nargiz"]
[Black "Pyun, Lindsay"]
[Result "0-1"]
[ECO "D02"]
[WhiteElo "1341"]
[BlackElo "1526"]
[Annotator "NA RC"]
[PlyCount "69"]
[EventDate "2022.06.19"]
[EventType "swiss"]
[EventCountry "NET"]
[SourceTitle "playchess.com"]
[Source "ChessBase"]
[SourceQuality "1"]
[TimeControl "180+2"]

1. d4 d5 2. Nf3 Nf6 3. Bf4 Bf5 4. e3 c6 5. Bd3 Bxd3 6. cxd3 e6 7. Nc3 Bd6 8. Bg3 O-O 9. Qe2 Qe7 10. O-O Nbd7 11. e4 dxe4 12. dxe4 e5 13. d5 cxd5 14. exd5 Rfe8 15. Bh4 e4 16. Nd4 Qe5 17. Bg3 Qxd4 18. Bxd6 Nb6 19. Rad1 Qc4 20. Qd2 Rad8 21. b3 Qc8 22. Nb5 a6 23. Nc7 Rxd6 24. Nxe8 Qxe8 25. Qb4 Qd7 26. Rc1 h6 27. Rc5 Nbxd5 28. Qc4 Nb6 29. Qc2 Rd2 30. Qc3 Rd1 31. g3 Rxf1+ 32. Kxf1 Qd1+ 33. Kg2 Qd6 34. Qe3 Nbd5 35. Qc3 0-1

[Event "Queens Festival Europe 2022"]
[Site "Tornelo"]
[Date "2022.06.19"]
[Round "9.1"]
[White "Head, Louise"]
[Black "Okuyaz, Duru"]
[Result "1/2-1/2"]
[ECO "D16"]
[WhiteElo "2025"]
[BlackElo "2090"]
[Annotator "NA RC"]
[PlyCount "106"]
[EventDate "2022.06.19"]
[EventType "swiss"]
[EventCountry "NET"]
[SourceTitle "playchess.com"]
[Source "ChessBase"]
[SourceQuality "1"]
[TimeControl "180+2"]

1. d4 d5 2. c4 c6 3. Nf3 Nf6 4. Nc3 dxc4 5. a4 Bg4 6. Ne5 Be6 7. e3 Nbd7 8. Bxc4 Bxc4 9. Nxc4 e6 10. O-O Be7 11. e4 O-O 12. Bf4 Nb6 13. Ne3 c5 14. d5 exd5 15. Nexd5 Nbxd5 16. exd5 Bd6 17. Bg5 Be5 18. Ne4 Bxb2 19. Rb1 Bd4 20. Bxf6 Bxf6 21. Nxf6+ Qxf6 22. Rxb7 Rfd8 23. Rb5 Qd6 24. Qc2 Rac8 25. Rd1 c4 26. g3 c3 27. Rd3 Qa3 28. Rb7 Qc5 29. Rb3 Qa5 30. Rbxc3 Rxc3 31. Rxc3 Qxd5 32. Rc7 g6 33. Rxa7 Qf3 34. Rd7 Re8 35. Rd1 Re2 36. Qc8+ Kg7 37. Qc5 Qf6 38. Rc1 Ra2 39. a5 Qa6 40. Qd4+ Qf6 41. Qxf6+ Kxf6 42. Rc6+ Ke5 43. Rc7 Ke6 44. Ra7 h5 45. Kg2 f6 46. h4 Kf5 47. Ra8 Ra3 48. a6 Ra2 49. a7 Ra3 50. Kg1 Ra1+ 51. Kg2 Ra3 52. Kg1 Ra1+ 53. Kg2 Ra3 1/2-1/2

[Event "Queens Festival Europe 2022"]
[Site "Tornelo"]
[Date "2022.06.19"]
[Round "9.1"]
[White "Gjergji, Rozana"]
[Black "Vujcic, Milena"]
[Result "0-1"]
[ECO "C80"]
[WhiteElo "1920"]
[BlackElo "1987"]
[Annotator "NA RC"]
[PlyCount "62"]
[EventDate "2022.06.19"]
[EventType "swiss"]
[EventCountry "NET"]
[SourceTitle "playchess.com"]
[Source "ChessBase"]
[SourceQuality "1"]
[TimeControl "180+2"]

1. e4 e5 2. Nf3 Nc6 3. Bb5 a6 4. Ba4 Nf6 5. O-O Nxe4 6. Re1 Nc5 7. Nxe5 Nxe5 8. Rxe5+ Be7 9. c3 Nxa4 10. Qxa4 O-O 11. d4 d5 12. Bf4 c6 13. Re1 Bf6 14. Nd2 Bf5 15. Nf3 Re8 16. Ne5 Bg5 17. Bg3 Be4 18. f3 Bg6 19. Qb3 Re7 20. Nxg6 hxg6 21. Rxe7 Qxe7 22. Re1 Qd7 23. Qb4 Re8 24. Rxe8+ Qxe8 25. Qxb7 Qe3+ 26. Kf1 Qd3+ 27. Ke1 Bd2+ 28. Kf2 Be3+ 29. Ke1 Qd2+ 30. Kf1 Qd1+ 31. Be1 Qd3# 0-1

[Event "Queens Festival Europe 2022"]
[Site "Tornelo"]
[Date "2022.06.19"]
[Round "9.1"]
[White "Stadlinger, Lea"]
[Black "Rybackova, Lucie"]
[Result "1/2-1/2"]
[ECO "B43"]
[WhiteElo "1723"]
[BlackElo "1696"]
[Annotator "NA RC"]
[PlyCount "85"]
[EventDate "2022.06.19"]
[EventType "swiss"]
[EventCountry "NET"]
[SourceTitle "playchess.com"]
[Source "ChessBase"]
[SourceQuality "1"]
[TimeControl "180+2"]

1. e4 c5 2. Nf3 e6 3. d4 cxd4 4. Nxd4 a6 5. Nc3 Qc7 6. Be3 Bb4 7. Qd2 Nf6 8. f3 d5 9. exd5 Nxd5 10. Nde2 O-O 11. a3 Bxc3 12. Nxc3 Nxe3 13. Qxe3 Nc6 14. Bd3 b5 15. O-O Bb7 16. f4 Rad8 17. Qh3 h6 18. f5 Ne5 19. fxe6 Nxd3 20. exf7+ Rxf7 21. cxd3 Rxf1+ 22. Rxf1 Qc6 23. Rf2 Re8 24. Ne4 Qb6 25. Qf5 Qc7 26. h3 Bxe4 27. dxe4 Qc1+ 28. Kh2 Qc7+ 29. g3 Qe7 30. Qd5+ Kh7 31. Re2 Rd8 32. Qc6 Rd6 33. Qc5 Re6 34. Qf5+ g6 35. Qd5 Re5 36. Qd3 Re6 37. Qd4 Re5 38. b3 Re6 39. a4 bxa4 40. bxa4 Rd6 41. Qc4 Re6 42. Qd5 Re5 43. Qd4 1/2-1/2

[Event "Queens Festival Europe 2022"]
[Site "Tornelo"]
[Date "2022.06.19"]
[Round "9.1"]
[White "Helgadottir, Idunn"]
[Black "Valiyeva, Asnad"]
[Result "1/2-1/2"]
[ECO "D12"]
[WhiteElo "1570"]
[BlackElo "1237"]
[Annotator "NA RC"]
[PlyCount "141"]
[EventDate "2022.06.19"]
[EventType "swiss"]
[EventCountry "NET"]
[SourceTitle "playchess.com"]
[Source "ChessBase"]
[SourceQuality "1"]
[TimeControl "180+2"]

1. d4 d5 2. Nf3 Nf6 3. e3 Bf5 4. c4 c6 5. Nc3 e6 6. cxd5 exd5 7. Bd3 Bg4 8. h3 Bh5 9. O-O Bd6 10. Bd2 Nbd7 11. Rc1 O-O 12. Be2 Ne4 13. Nxe4 dxe4 14. Nh2 Bxe2 15. Qxe2 Bxh2+ 16. Kxh2 Qc7+ 17. Kg1 f5 18. Bb4 Rf7 19. Qc4 Nb6 20. Qb3 Nd5 21. Rfd1 Rd8 22. Qa3 Nxb4 23. Qxb4 Qb6 24. Qc4 Rd5 25. b3 Qb5 26. Qxb5 Rxb5 27. Rc5 a6 28. Rxb5 axb5 29. d5 Rd7 30. d6 Kf7 31. Kf1 Ke6 32. Ke1 Rxd6 33. Rxd6+ Kxd6 34. Kd2 Ke5 35. g3 g5 36. Ke2 f4 37. g4 c5 38. Kd2 Kd5 39. Kc3 b6 40. Kc2 b4 41. Kd2 b5 42. Kc2 c4 43. Kd2 c3+ 44. Kc2 Ke5 45. Kc1 Kf6 46. Kc2 h5 47. Kc1 Kg7 48. Kc2 Kg6 49. Kc1 f3 50. Kc2 hxg4 51. hxg4 Kf6 52. Kc1 Ke5 53. Kc2 Kd5 54. Kc1 Kd6 55. Kc2 Ke7 56. Kc1 Kf6 57. Kc2 Kg6 58. Kc1 Kg7 59. Kc2 Kf8 60. Kc1 Ke7 61. Kc2 Kd8 62. Kc1 Kc7 63. Kc2 Kb6 64. Kc1 Kc5 65. Kc2 Kd5 66. Kc1 Ke6 67. Kc2 Kd7 68. Kc1 Kc6 69. Kc2 Kb6 70. Kc1 Kc5 71. Kc2 1/2-1/2

[Event "Queens Festival Europe 2022"]
[Site "Tornelo"]
[Date "2022.06.19"]
[Round "9.2"]
[White "Ismayil, Malak"]
[Black "Sikorova, Olga"]
[Result "1-0"]
[ECO "C07"]
[WhiteElo "2001"]
[BlackElo "2173"]
[Annotator "TA"]
[PlyCount "103"]
[EventDate "2022.06.19"]
[EventType "swiss"]
[EventCountry "NET"]
[SourceTitle "playchess.com"]
[Source "ChessBase"]
[SourceQuality "1"]
[TimeControl "180+2"]

1. e4 e6 2. d4 d5 3. Nd2 c5 4. exd5 Qxd5 5. dxc5 Bxc5 6. Ngf3 Nf6 7. Bc4 Qc6 {[%emt 0:00:02] C07: French Tarrasch: 3...c5, 4 Ngf3 and 4 exd5 Qxd5.} 8. O-O Nbd7 {[%emt 0:00:08] is the legacy move (8...0-0).} 9. Qe2 Qc7 {[%emt 0:00:03] The position is equal.} 10. Nb3 Bd6 {[%emt 0:00:03] [#]} 11. Bg5 $146 (11. Nbd4 $1 $14) ({Predecessor:} 11. Nbd4 a6 12. Rd1 O-O 13. Bg5 h6 14. Bh4 b6 15. c3 Re8 16. Bb3 Bb7 17. Bg3 Bxg3 18. hxg3 {1-0 (33) Ruiz Zenteno,L (2093)-Ramos Valdes,M Talcahuano 2012}) 11... h6 12. Bh4 b6 13. Bg3 (13. Nbd4 $14 O-O 14. Nb5) 13... Bxg3 $11 14. hxg3 Bb7 15. Nbd4 a6 {[%emt 0:00:12] [#]} (15... O-O $11) 16. Bxe6 $1 O-O (16... fxe6 17. Nxe6) 17. Bb3 {[%emt 0:00:08] White is more active.} Nc5 18. c3 (18. Qe5 {is interesting.} Qd7 19. Qf4 Be4 20. Rad1) 18... Nxb3 19. axb3 a5 20. Qc2 Rae8 21. Rfe1 Be4 22. Qd2 Re7 23. Re2 Rfe8 24. Rae1 Qb7 25. Qf4 Nh7 (25... Qd7 $16) 26. Nd2 $18 {[%emt 0:00:21] Pair of Knights!} Bd5 27. Rxe7 Rxe7 28. Rxe7 Qxe7 29. Kf1 ({White should try} 29. Qb8+ $18 Nf8 30. Qxb6) 29... Nf8 $16 30. Qb8 Qf6 (30... Qg5 $142 31. Ke2 (31. N4f3 Bxf3 32. Nxf3 Qc1+ 33. Ke2 Qxb2+ 34. Nd2 Qxc3 $15) 31... Bxg2) 31. Qc8 (31. f3 $16) 31... g6 (31... Qg5 $14 32. Ke2 (32. N4f3 Bxf3 33. Nxf3 Qc1+ 34. Ke2 Qxb2+ 35. Nd2 b5 $11) 32... Bxg2) 32. Qc7 Kg7 (32... Ne6 $142 33. Qxb6 Bxg2+ 34. Kg1 (34. Kxg2 $2 Nf4+ 35. Kf3 Qxb6 $19) 34... Bd5) 33. Qf4 (33. Ke1 $142) 33... Qe7 {[%emt 0:00:02] [#]} (33... Nd7 $16) 34. Nc2 ({Better is} 34. Nf5+ $1 $18 gxf5 35. Qd4+ Kg6 36. Qxd5) 34... Ne6 $2 (34... Nd7 $16) 35. Qe5+ $18 f6 36. Qxd5 Ng5 37. Ne3 h5 38. Qd4 Qe6 39. Qd5 $2 (39. Nd5 $18) 39... Qe8 $2 (39... Qe7 $11 40. Ndc4 Qf7) 40. Qb7+ Kh6 41. Qxb6 Qe5 42. Qd4 {[%emt 0:00:03] Hoping for f4.} Qe6 43. c4 Nf7 44. Qd5 Qe7 45. c5 Ne5 46. Ndc4 {[%emt 0:00:01] Intending Qg8 and mate.} Qc7 47. Nxe5 {[%emt 0:00:03] White mates.} fxe5 48. Nc4 e4 49. Qd6 Qg7 50. c6 e3 51. fxe3 Qf7+ 52. Qf4+ {[%emt 0:00:01] Weighted Error Value: White=0.36/Black=0.55} 1-0

[Event "Queens Festival Europe 2022"]
[Site "Tornelo"]
[Date "2022.06.19"]
[Round "9.2"]
[White "Mdivani, Maka"]
[Black "Mammadova, Aysel"]
[Result "0-1"]
[ECO "E22"]
[WhiteElo "1901"]
[BlackElo "1893"]
[Annotator "NA RC"]
[PlyCount "94"]
[EventDate "2022.06.19"]
[EventType "swiss"]
[EventCountry "NET"]
[SourceTitle "playchess.com"]
[Source "ChessBase"]
[SourceQuality "1"]
[TimeControl "180+2"]

1. d4 Nf6 2. c4 e6 3. Nc3 Bb4 4. Qb3 Bxc3+ 5. Qxc3 b6 6. f3 O-O 7. e4 d6 8. Bd3 Nbd7 9. Ne2 e5 10. d5 Nc5 11. Bc2 a5 12. O-O Ne8 13. f4 Bg4 14. Ng3 exf4 15. Bxf4 Qe7 16. Rae1 Nd7 17. Nf5 Bxf5 18. exf5 Qf6 19. Qg3 g6 20. b3 Ng7 21. Bg5 Qd4+ 22. Be3 Qb2 23. Bb1 Rae8 24. Qh4 Qf6 25. Bg5 Qc3 26. Be7 Ne5 27. Bxf8 Rxf8 28. f6 Nh5 29. Be4 Qd4+ 30. Kh1 Nd7 31. g4 Nhxf6 32. g5 Nxe4 33. Rxe4 Qd3 34. Ref4 Ne5 35. Qf2 Qh3 36. Rf6 Ng4 37. Qg2 Qxg2+ 38. Kxg2 Nxf6 39. Rxf6 Ra8 40. h4 a4 41. Rf2 axb3 42. axb3 Ra3 43. Rf3 Kf8 44. Kg3 Ke7 45. Kf4 Ra1 46. Ke4 Re1+ 47. Kd4 Rd1+ 0-1

[Event "Queens Festival Europe 2022"]
[Site "Tornelo"]
[Date "2022.06.19"]
[Round "9.2"]
[White "Lampard, Alice"]
[Black "van den Brink, Nienke"]
[Result "1-0"]
[ECO "A80"]
[WhiteElo "1756"]
[BlackElo "1771"]
[Annotator "NA RC"]
[PlyCount "65"]
[EventDate "2022.06.19"]
[EventType "swiss"]
[EventCountry "NET"]
[SourceTitle "playchess.com"]
[Source "ChessBase"]
[SourceQuality "1"]
[TimeControl "180+2"]

1. d4 f5 2. Bg5 Nf6 3. Bxf6 exf6 4. e3 d5 5. Nf3 Bd6 6. c4 c6 7. Nc3 Be6 8. cxd5 Bxd5 9. Nxd5 cxd5 10. Bb5+ Nc6 11. Qa4 Qc7 12. Rc1 Rc8 13. O-O O-O 14. h3 a6 15. Bxc6 bxc6 16. Qxa6 c5 17. dxc5 Be7 18. Qe6+ Kh8 19. Qxf5 Qb7 20. Nd4 Bxc5 21. Ne6 Qd7 22. Qg4 f5 23. Nxc5 Rxc5 24. Qb4 Rcc8 25. Rfd1 Rfd8 26. Qf4 Rb8 27. b3 Ra8 28. a4 Rab8 29. Qe5 Rxb3 30. Rc7 Re8 31. Rxd7 Rxe5 32. Rd8+ Re8 33. Rxe8# 1-0

[Event "Queens Festival Europe 2022"]
[Site "Tornelo"]
[Date "2022.06.19"]
[Round "9.3"]
[White "Kordzadze, Nino"]
[Black "Gueci, Tea"]
[Result "0-1"]
[ECO "A04"]
[WhiteElo "2043"]
[BlackElo "2248"]
[Annotator "TA"]
[PlyCount "144"]
[EventDate "2022.06.19"]
[EventType "swiss"]
[EventCountry "NET"]
[SourceTitle "playchess.com"]
[Source "ChessBase"]
[SourceQuality "1"]
[TimeControl "180+2"]

1. g3 g6 2. Bg2 Bg7 3. Nf3 c5 4. O-O Nc6 5. e3 d6 6. d4 {[%emt 0:00:03] A04: Unusual lines after 1 Nf3 and King's Indian Attack.} cxd4 7. exd4 Bg4 8. c3 {[%emt 0:00:05] [#] White has an edge.} Nf6 $146 ({Predecessor:} 8... Rc8 9. h3 Bd7 10. Be3 Nf6 11. Nbd2 Nd5 12. Rc1 O-O 13. Ne4 Nxe3 14. fxe3 Rc7 {0-1 (57) Goetz,D-Antz,W freechess.de 2020}) 9. Re1 O-O 10. Bg5 h6 11. Bf4 (11. Bxf6 $5 Bxf6 12. Nbd2 $11) 11... Re8 12. d5 Na5 (12... e5 $11 13. dxe6 (13. dxc6 bxc6 14. Be3 e4 $11) 13... Bxe6) 13. h3 (13. Na3 $16) 13... Bd7 $11 14. Qc1 Kh7 $36 {[%emt 0:00:04][%mdl 2048] Black is more active.} 15. Nd4 Nc4 {[%emt 0:00:12] Black wants to play ...Nb6.} 16. Nd2 (16. Nc2 $11) 16... Rc8 $2 ({Better is} 16... Nb6 $1 $17 17. Be3 Nbxd5) 17. N2b3 $2 (17. Nxc4 $14 {keeps the upper hand.} Rxc4 18. Qd2) 17... Nb6 $1 $17 18. Qd2 Nbxd5 {[%emt 0:00:08] Strongly threatening ...e5.} 19. Ne2 Nxf4 20. Nxf4 Bc6 21. Nd5 Nxd5 22. Bxd5 Bxd5 23. Qxd5 {[%emt 0:00:01] [#]} Qb6 $1 24. Rad1 (24. Qxf7 $2 Rf8 25. Qd5 Rxf2 $19) 24... Rcd8 25. Re4 ({Wrong is} 25. Qxf7 $2 Rf8 26. Qd5 Qxf2+ 27. Kh1 Qxb2 $19) 25... e6 26. Qd2 d5 27. Rb4 Qc7 28. Ra4 a6 29. Nd4 e5 30. Nb3 (30. Nc2 $142) 30... Qc8 31. Ra5 d4 ({Stronger than} 31... Qxh3 32. Rxd5 Rxd5 33. Qxd5 $15) 32. cxd4 exd4 {[%emt 0:00:00] White must now prevent ...d3.} 33. Kh2 d3 {[%emt 0:00:03] And now ...b6 would win.} 34. Rc5 Qd7 {[%emt 0:00:06] Hoping for ...Re4.} 35. Rdc1 $2 (35. Qf4) 35... Re2 $19 36. Qf4 d2 37. Rd1 g5 $2 (37... Qd3 $19 38. Rxd2 Rxd2 39. Nxd2 Qxd2) 38. Qf3 $17 Qd3 {[%emt 0:00:03] Black is much more active.} 39. Qxd3+ (39. Kg2 $142) 39... Rxd3 40. Rc7 $2 (40. Kg2 $17) 40... Rxf2+ 41. Kg1 Re2 42. Kf1 {[%emt 0:00:01] Prevents Re1+.} Re6 43. Rxf7 Red6 {[%emt 0:00:02] Threatens to win with ...Kg6.} 44. Ke2 (44. Nc5 $17 Re3 45. Kf2) 44... Kg6 45. Re7 Rxg3 {[%emt 0:00:02] The board is on fire.} 46. Rxd2 Rg2+ 47. Kd1 Rdxd2+ 48. Nxd2 Bxb2 49. Rxb7 $19 {[%emt 0:00:02][%mdl 4096] Endgame KRB-KRN} Bc3 50. Ne4 Bd4 {[%emt 0:00:02] Inhibits Rb6+.} 51. Rd7 Be3 52. Rd6+ Kh5 (52... Kf5 $19 {and Black stays clearly on top.} 53. Nc3 Bf4 54. Rxh6 Rd2+ 55. Ke1 Rc2) 53. Nf6+ Kh4 54. Re6 $2 (54. Ng4 $17) 54... Bf4 55. Ng8 $2 (55. Rxa6 h5 56. a4) 55... Kxh3 $2 (55... h5 $19 {is more deadly.} 56. Rxa6 Kxh3) 56. Rxh6+ $17 Kg3 57. Rxa6 Kf3 {[%emt 0:00:02] ( -> ...Rd2+)} 58. Nf6 $2 (58. Ra3+ $17 Be3 59. Nh6 (59. Nf6 Rd2+ 60. Ke1 Rc2 $19)) 58... Rd2+ 59. Ke1 Rb2 $2 (59... Rd3 {mates} 60. Nh5 Be5 61. Rc6 Bc3+ 62. Rxc3 Rxc3 63. Nf6 Ra3 64. Nh7 g4 65. Ng5+ Kg2 66. Kd2 Rxa2+ 67. Ke3 Ra3+ 68. Ke4 g3 69. Nh7 Kf1 70. Ng5 g2 71. Nf3 {[#]} Rxf3 $1 72. Kxf3 g1=Q 73. Ke4 Qc5 74. Kf4 Ke2 75. Ke4 Qd6 76. Kf5 Kf3 77. Kg5 Qe6 78. Kh5 Kf4 79. Kh4 Qh6#) 60. a4 $2 (60. Kd1 $17) 60... g4 {[%emt 0:00:02][%cal Rb2b1] Black mates.} 61. Kd1 g3 62. Nh5 g2 63. Rg6 Rb1+ 64. Kc2 g1=Q 65. Rxg1 Rxg1 66. Nxf4 Kxf4 {[%emt 0:00:00] KR-KP} 67. Kb3 Ra1 68. Kb4 Ke5 69. Kb5 Kd6 70. a5 Kc7 71. Ka6 Kb8 72. Kb6 Rb1+ {[%emt 0:00:01] Weighted Error Value: White=0.83/Black=0.61} 0-1

[Event "Queens Festival Europe 2022"]
[Site "Tornelo"]
[Date "2022.06.19"]
[Round "9.3"]
[White "Grigoryan, Meri"]
[Black "Deak-Sala, Emilia"]
[Result "0-1"]
[ECO "E71"]
[WhiteElo "1993"]
[BlackElo "1883"]
[Annotator "NA RC"]
[PlyCount "56"]
[EventDate "2022.06.19"]
[EventType "swiss"]
[EventCountry "NET"]
[SourceTitle "playchess.com"]
[Source "ChessBase"]
[SourceQuality "1"]
[TimeControl "180+2"]

1. d4 Nf6 2. c4 g6 3. Nc3 Bg7 4. e4 d6 5. h3 O-O 6. Nf3 Nbd7 7. Bg5 c5 8. d5 Qa5 9. Qd2 a6 10. Bd3 Rb8 11. a4 Qc7 12. O-O b6 13. Bh6 Nh5 14. g4 Nhf6 15. Bxg7 Kxg7 16. Kg2 Rh8 17. Be2 Nf8 18. Nh2 h5 19. g5 N6h7 20. f4 e6 21. dxe6 Bxe6 22. Nd5 Bxd5 23. Qxd5 Ne6 24. h4 Rhe8 25. f5 Nd4 26. fxg6 fxg6 27. Rf6 Nxf6 28. gxf6+ Kh7 0-1

[Event "Queens Festival Europe 2022"]
[Site "Tornelo"]
[Date "2022.06.19"]
[Round "9.3"]
[White "Vukosavljevic, Tatjana"]
[Black "Vicze, Zsofia"]
[Result "0-1"]
[ECO "A12"]
[WhiteElo "1758"]
[BlackElo "1749"]
[Annotator "NA RC"]
[PlyCount "72"]
[EventDate "2022.06.19"]
[EventType "swiss"]
[EventCountry "NET"]
[SourceTitle "playchess.com"]
[Source "ChessBase"]
[SourceQuality "1"]
[TimeControl "180+2"]

1. Nf3 d5 2. g3 c6 3. Bg2 Bg4 4. O-O Nf6 5. d3 e6 6. b3 Be7 7. Bb2 O-O 8. c4 Nbd7 9. Nbd2 Re8 10. a3 a5 11. Qc2 Nf8 12. Bc3 Ng6 13. b4 axb4 14. axb4 Qd7 15. Qb2 Qc7 16. b5 Reb8 17. b6 Qd7 18. Ra7 Rxa7 19. bxa7 Ra8 20. Ra1 Qc7 21. e3 b6 22. Qa2 Ne8 23. Nd4 Bf6 24. Qa4 Ne7 25. h3 Bh5 26. Qa3 Bg6 27. Bb2 Nd6 28. cxd5 exd5 29. e4 dxe4 30. dxe4 Ndc8 31. e5 Bxe5 32. Nc4 Bxd4 33. Bxd4 Rxa7 34. Qb2 Rxa1+ 35. Qxa1 b5 36. Nd2 f6 0-1

[Event "Queens Festival Europe 2022"]
[Site "Tornelo"]
[Date "2022.06.19"]
[Round "9.3"]
[White "Vujovic, Vera"]
[Black "Catabay, Mae Katelyn Rose"]
[Result "0-1"]
[ECO "B09"]
[WhiteElo "1353"]
[BlackElo "1321"]
[Annotator "NA RC"]
[PlyCount "138"]
[EventDate "2022.06.19"]
[EventType "swiss"]
[EventCountry "NET"]
[SourceTitle "playchess.com"]
[Source "ChessBase"]
[SourceQuality "1"]
[TimeControl "180+2"]

1. e4 d6 2. d4 Nf6 3. Nc3 g6 4. f4 Bg7 5. Nf3 Nbd7 6. Bc4 e6 7. O-O O-O 8. Ng5 h6 9. Nxe6 fxe6 10. Bxe6+ Kh7 11. f5 g5 12. Qf3 Qe7 13. Qh3 Ng8 14. Qh5 Bxd4+ 15. Kh1 Qg7 16. Ne2 Be5 17. Bxg8+ Rxg8 18. Rf3 Nf6 19. Qg6+ Qxg6 20. fxg6+ Kxg6 21. c3 Bg4 22. Re3 Bxe2 23. Rxe2 Rgf8 24. g3 Ng4 25. Kg2 h5 26. h3 Nh6 27. Be3 Rf7 28. Bd4 Bxd4 29. cxd4 Raf8 30. Rc1 c6 31. d5 c5 32. Rcc2 Rf3 33. e5 h4 34. gxh4 gxh4 35. exd6 Rg3+ 36. Kh2 Nf5 37. d7 Rd8 38. Re6+ Kg5 39. Rf2 Rxd7 40. Re5 Rf7 41. d6 Kg6 42. Rxc5 Nxd6 43. Re2 Nf5 44. Re6+ Kg5 45. Re8 Kf4 46. Re1 Rf3 47. Rc4+ Kg5 48. Rg4+ Kh5 49. Re8 Rd7 50. Re2 Rdd3 51. Kg2 Rxh3 52. Rf4 Rdg3+ 53. Kf2 Rh2+ 54. Ke1 Rg1+ 55. Kd2 Rxe2+ 56. Kxe2 Ng3+ 57. Kd3 h3 58. Rf8 Kg4 59. Rg8+ Kf3 60. Rf8+ Kg2 61. Ke3 h2 62. Rg8 h1=Q 63. Rd8 Qh6+ 64. Kd3 Rd1+ 65. Kc2 Rxd8 66. b4 Qc6+ 67. Kb3 Rd3+ 68. Kb2 Qc3+ 69. Kb1 Rd1# 0-1